Map: Vale dos Cactos ER (Void)

Players

efelinto - Winner!

  • Race: Protoss Protoss
  • League: Diamond
  • Spawn Location: 1:00

Declimber

  • Race: Zerg Zerg
  • League: Silver
  • Spawn Location: 7:00

VOD

Have the link to the VOD?

Description

Time

  • Played on: April 28, 2017, 11:31 a.m.
  • Length: 14:02
Show
View Real Time Build Order
Export as new Build Order

efelinto Protoss - Winner!

Build Orders:  

Get SALT Encoding   

  12  0:01  Probe (Chrono Boost)  
  13  0:11  Probe (Chrono Boost)  
  14  0:23  Pylon  
  14  0:26  Probe (Chrono Boost)  
  15  0:42  Probe (Chrono Boost)  
  16  0:44  Gateway  
  16  0:52  Probe (Chrono Boost)  
  17  1:04  Probe (Chrono Boost)  
  17  1:08  Assimilator  
  18  1:11  Assimilator  
  18  1:15  Probe (Chrono Boost)  
  20  1:26  Probe (Chrono Boost)  
  20  1:28  Zealot  
  22  1:36  Cybernetics Core  
  22  1:46  Probe (Chrono Boost)  
  23  1:59  Warp Gate  
  23  2:10  Pylon  
  23  2:20  Nexus  
  26  2:30  Probe (Chrono Boost)  
  26  2:33  Adept  
  26  2:42  Probe (Chrono Boost)  
  27  2:56  Mothership Core (Chrono Boost), Pylon  
  29  3:08  Gateway  
  29  3:09  Gateway  
  29  3:16  Probe (Chrono Boost)  
  30  3:20  Stargate  
  31  3:28  Probe (Chrono Boost)  
  31  3:33  Probe (Chrono Boost)  
  32  3:40  Probe (Chrono Boost)  
  33  3:43  Probe (Chrono Boost)  
  34  3:48  Gateway  
  34  3:50  Gateway  
  34  3:57  Probe (Chrono Boost)  
  34  3:59  Probe (Chrono Boost)  
  36  4:09  Probe (Chrono Boost)  
  38  4:10  Probe (Chrono Boost)  
  38  4:13  Assimilator, Sentry x2  
  38  4:14  Sentry  
  44  4:20  Oracle  
  47  4:26  Probe x2 (Chrono Boost)  
  49  4:31  Assimilator  
  49  4:37  Probe (Chrono Boost), Adept  
  52  4:39  Adept  
  54  5:05  Pylon  
  54  5:07  Probe x2 (Chrono Boost)  
  54  5:09  Oracle  
  54  6:00  Pylon  
  54  6:02  Pylon  
  54  6:04  Pylon  
  54  6:06  Forge, Pylon  
  54  6:10  Pylon  
  54  6:15  Pylon  
  54  6:18  Probe x2 (Chrono Boost), Void Ray  
  60  6:29  Probe x2 (Chrono Boost)  
  62  6:39  Probe x2 (Chrono Boost)  
  64  6:42  Zealot x3  
  64  6:43  Zealot x2  
  74  6:50  Probe x2 (Chrono Boost)  
  76  7:00  Probe x2 (Chrono Boost)  
  78  7:14  Nexus  
  78  7:17  Zealot x4  
  78  7:20  Probe x2 (Chrono Boost)  
  88  7:46  Robotics Facility  
  88  7:47  Robotics Facility  
  88  7:51  Pylon  
  88  8:03  Probe (Chrono Boost), Pylon  
  89  8:12  Adept  
  91  8:13  Adept x2  
  91  8:14  Adept x2  
  91  8:19  Void Ray  
  103  8:31  Immortal  
  103  8:33  Robotics Bay  
  107  9:02  Phoenix  
  109  9:05  Stalker  
  109  9:06  Stalker x4  
  119  9:20  Probe x3 (Chrono Boost)  
  122  9:27  Phoenix  
  122  9:30  Probe x2 (Chrono Boost), Colossus  
  131  9:33  Probe (Chrono Boost)  
  133  9:44  Pylon  
  133  9:54  Assimilator  
  133  9:55  Assimilator  
  133  10:01  Colossus  
  133  10:02  Probe x2 (Chrono Boost)  
  141  10:20  Pylon  
  141  10:23  Pylon  
  141  10:24  Pylon  
  141  10:26  Pylon  
  141  10:28  Pylon  
  141  10:38  Probe x2 (Chrono Boost), Phoenix  
  141  10:40  Probe (Chrono Boost)  
  141  10:41  Colossus  
  146  10:48  Colossus  
  152  10:52  Probe (Chrono Boost)  
  160  10:57  Probe (Chrono Boost)  
  160  11:08  Extended Thermal Lance  
  160  11:14  Stalker x3  
  160  11:15  Stalker x2  
  170  11:28  Colossus  
  176  11:43  Pylon  
  176  11:45  Pylon  
  176  11:47  Pylon  
  176  11:48  Pylon  
  176  11:54  Colossus  
  182  12:11  Pylon  
  182  12:14  Zealot x2, Colossus  
  182  12:15  Zealot x3  
  198  12:24  Pylon  
  198  12:25  Pylon  
  198  12:26  Pylon  
  198  12:28  Pylon  
  188  13:05  Zealot x4  
  166  13:06  Zealot  
  164  13:26  Stalker x5  
  168  13:55  Stalker x5  
Show
View Real Time Build Order
Export as new Build Order

Declimber Zerg 

Build Orders: Pool First 

Get SALT Encoding   

  12  0:01  Drone  
  13  0:12  Overlord  
  13  0:17  Drone  
  14  0:22  Extractor  
  14  0:23  Drone  
  14  0:31  Drone  
  14  0:35  Drone  
  16  0:46  Drone  
  17  0:57  Spawning Pool  
  17  1:03  Drone  
  17  1:13  Overlord  
  17  1:19  Drone  
  17  1:25  Evolution Chamber  
  17  1:30  Drone  
  18  1:44  Zergling x2  
  18  1:45  Metabolic Boost  
  19  1:52  Queen  
  21  1:57  Zergling x2  
  22  2:01  Zergling x2  
  23  2:11  Zergling x2  
  24  2:23  Zergling x2  
  24  2:28  Pneumatized Carapace  
  25  2:33  Zergling x2  
  26  2:44  Zergling x2  
  27  2:48  Zerg Melee Weapons Level 1  
  27  3:03  Zergling x6  
  30  3:06  Overlord  
  30  3:26  Zergling x4  
  32  3:35  Zergling x2  
  32  3:36  Zergling x4  
  35  3:42  Hatchery  
  34  3:49  Zergling x4  
  36  4:10  Zergling x2  
  36  4:11  Zergling x2  
  38  4:40  Overlord x3  
  21  5:37  Drone  
  21  5:38  Drone x8  
  30  5:43  Zerg Missile Weapons Level 1  
  30  5:45  Roach Warren  
  29  5:53  Spore Crawler  
  28  5:59  Spore Crawler  
  28  6:00  Spore Crawler  
  28  6:01  Drone x3  
  28  6:02  Drone, Spore Crawler  
  29  6:20  Lair  
  29  6:22  Burrow  
  29  6:27  Roach x4  
  29  6:30  Roach  
  39  6:35  Extractor x2  
  39  6:39  Drone  
  39  6:40  Drone x4  
  42  6:47  Extractor  
  42  6:51  Roach x2  
  45  7:07  Drone x5  
  45  7:08  Drone  
  51  7:21  Drone x2  
  53  7:29  Hydralisk Den  
  52  7:41  Zerg Missile Weapons Level 2  
  52  7:51  Drone  
  52  7:52  Drone  
  54  7:59  Hatchery  
  53  8:07  Hydralisk x2  
  53  8:08  Hydralisk  
  59  8:25  Extractor  
  58  8:28  Spore Crawler  
  58  8:29  Hydralisk, Spore Crawler  
  58  8:30  Hydralisk x2  
  58  8:34  Overlord  
  62  8:35  Extractor  
  62  8:40  Queen  
  63  8:55  Overlord x3  
  63  9:03  Muscular Augments  
  63  9:09  Hydralisk  
  65  9:20  Drone x2  
  65  9:22  Drone  
  68  9:25  Drone  
  68  9:28  Drone  
  68  9:29  Spore Crawler  
  68  9:30  Drone, Spore Crawler  
  69  9:33  Drone  
  69  9:36  Drone  
  71  9:38  Drone  
  72  9:56  Infestation Pit  
  72  9:58  Zerg Ground Armor Level 1  
  71  10:02  Hydralisk x2  
  71  10:04  Hydralisk  
  77  10:18  Hydralisk  
  77  10:19  Hydralisk x3  
  85  10:30  Hydralisk  
  85  10:31  Hydralisk x2  
  91  10:48  Hydralisk x3  
  97  10:59  Drone  
  97  11:02  Overlord  
  97  11:03  Overlord x2  
  98  11:21  Infestor x3  
  98  11:23  Infestor  
  106  11:32  Queen  
  108  11:35  Neural Parasite  
  108  11:50  Drone x5  
  108  11:51  Drone x2  
  115  12:13  Hydralisk x3  
  121  12:30  Hive  
  121  12:35  Glial Reconstitution  
  62  13:17  Hydralisk  
  62  13:18  Hydralisk x9  
Tags
 
Add a new tag
Caveats
  • Supply blocks, unpowered buildings, or Contaminate may cause inaccurate times.
  • Supply counts are checked every 10 seconds.